BSA
IRVINE GANG GREEN @ MAUI TROPICS
09/04/2030
 
TOP OF THE 1ST
Irvine Gang Green batting - Pitching for Maui Tropics : LHP Jerry Martin
Pitching: LHP Jerry Martin
Batting: SHB Carlos Córdova 0-0: Ball
1-0: Called Strike
1-1: Swinging Strike
1-2: DOUBLE (Line Drive, 9D)
Batting: LHB Tony Tavárez 0-0: Called Strike
0-1: Ball
1-1: Swinging Strike
1-2: Fly out, F8 (Flyball, 8RM)
Batting: LHB Jeff Daniels 0-0: Ball
1-0: Called Strike
Carlos Córdova steals 3rd base
1-1: Ball
2-1: Foul Ball, location: 2F
2-2: Ball
3-2: Foul Ball, location: 2F
3-2: Ground out 4-3 (Groundball, 4S)
Carlos Córdova scores
Batting: LHB Víctor Quiñones 0-0: Foul Ball, location: 2F
0-1: Fly out, F9 (Flyball, 89D)
Top of the 1st over - 1 run, 1 hit, 0 errors, 0 left on base; Irvine 1 - Maui 0
BOTTOM OF THE 1ST
Maui Tropics batting - Pitching for Irvine Gang Green : LHP Millard Curtis
Pitching: LHP Millard Curtis
Batting: LHB Warren Potter 0-0: Fly out, F8 (Flyball, 8LXD)
Batting: RHB Matt Silver 0-0: Ball
1-0: Called Strike
1-1: Fly out, F7 (Line Drive, 7)
Batting: RHB Jesús Espinoza 0-0: Ball
1-0: Swinging Strike
1-1: Foul Ball, location: 2F
1-2: Strikes out swinging
Bottom of the 1st over - 0 runs, 0 hits, 0 errors, 0 left on base; Irvine 1 - Maui 0
TOP OF THE 2ND
Irvine Gang Green batting - Pitching for Maui Tropics : LHP Jerry Martin
Batting: RHB Carlos García 0-0: Ball
1-0: Ball
2-0: Swinging Strike
2-1: Ball
3-1: Base on Balls
Batting: RHB Sergio Moreno 0-0: Called Strike
0-1: 2-RUN HOME RUN (Flyball, 78XD), Distance : 382 ft
Batting: RHB José Salazar 0-0: Foul Ball, location: 2F
0-1: Ball
1-1: Ball
2-1: Ball
3-1: Foul Ball, location: 2F
3-2: SINGLE (Line Drive, 7LS)
Batting: RHB Lawrence Schroeder 0-0: Ball
1-0: Called Strike
1-1: Ball
2-1: SINGLE (Groundball, 6MD)
José Salazar to second
Runner from 2nd tries for 3rd, SAFE, no throw
Batting: LHB Tom Blake 0-0: Called Strike
0-1: Foul Ball, location: 2F
0-2: Ball
1-2: Grounds into double play, 4-6-3 (Groundball, 34)
José Salazar scores
Batting: SHB Carlos Córdova 0-0: Ball
1-0: Ball
2-0: Called Strike
2-1: Foul Ball, location: 2F
2-2: Ground out 4-3 (Groundball, 4)
Top of the 2nd over - 3 runs, 3 hits, 0 errors, 0 left on base; Irvine 4 - Maui 0
BOTTOM OF THE 2ND
Maui Tropics batting - Pitching for Irvine Gang Green : LHP Millard Curtis
Batting: RHB Luis Alou 0-0: Called Strike
0-1: Ball
1-1: Fly out, F8 (Flyball, 8RM)
Batting: LHB Luis Antonio Torres 0-0: Foul Ball, location: 2F
0-1: Ball
1-1: Ball
2-1: Swinging Strike
2-2: Foul Ball, location: 2F
2-2: Ball
3-2: Base on Balls
Batting: LHB Dave Cook 0-0: Called Strike
0-1: Ball
1-1: Ball
2-1: Fly out, F5 (Popup, 5S)
Batting: RHB Roberto Gómez 0-0: Ball
1-0: Ball
2-0: Ball
3-0: Called Strike
3-1: Called Strike
3-2: Base on Balls
Luis Antonio Torres to second
Batting: RHB Michael Woodruff 0-0: Ball
1-0: Called Strike
1-1: Swinging Strike
1-2: Ball
2-2: Strikes out swinging
Bottom of the 2nd over - 0 runs, 0 hits, 0 errors, 2 left on base; Irvine 4 - Maui 0
TOP OF THE 3RD
Irvine Gang Green batting - Pitching for Maui Tropics : LHP Jerry Martin
Batting: LHB Tony Tavárez 0-0: Ball
1-0: Ground out 4-3 (Groundball, 4)
Batting: LHB Jeff Daniels 0-0: Foul Ball, location: 2F
0-1: Called Strike
0-2: Ball
1-2: Ball
2-2: Ball
3-2: Foul Ball, location: 2F
3-2: Ground out 1-3 (Groundball, P)
Batting: LHB Víctor Quiñones 0-0: Foul Ball, location: 2F
0-1: Called Strike
0-2: Ball
1-2: Ball
2-2: Ball
3-2: Fly out, F9 (Flyball, 89S)
Top of the 3rd over - 0 runs, 0 hits, 0 errors, 0 left on base; Irvine 4 - Maui 0
BOTTOM OF THE 3RD
Maui Tropics batting - Pitching for Irvine Gang Green : LHP Millard Curtis
Batting: RHB John Brown 0-0: Ball
1-0: Ground out 2-3 (Groundball, 15S)
Batting: LHB Warren Potter 0-0: Ball
1-0: Called Strike
1-1: Ball
2-1: Fly out, F7 (Flyball, 7)
Batting: RHB Matt Silver 0-0: Ball
1-0: Ball
2-0: Swinging Strike
2-1: Ball
3-1: Base on Balls
Batting: RHB Jesús Espinoza 0-0: Ball
1-0: Foul Ball, location: 2F
1-1: Fly out, F4 (Line Drive, 4)
Bottom of the 3rd over - 0 runs, 0 hits, 0 errors, 1 left on base; Irvine 4 - Maui 0
TOP OF THE 4TH
Irvine Gang Green batting - Pitching for Maui Tropics : LHP Jerry Martin
Batting: RHB Carlos García 0-0: Called Strike
0-1: DOUBLE (Line Drive, 8LD)
Batting: RHB Sergio Moreno 0-0: Ball
1-0: Ball
2-0: Fly out, F3 (Flyball, 3D)
Batting: RHB José Salazar 0-0: Ball
1-0: Called Strike
1-1: Ground out 5-3 (Groundball, 5)
Batting: RHB Lawrence Schroeder 0-0: Called Strike
0-1: Ball
1-1: Ball
2-1: Ball
3-1: Base on Balls
Batting: LHB Tom Blake 0-0: Called Strike
0-1: Ball
1-1: Ball
2-1: Ball
3-1: Foul Ball, location: 2F
3-2: Foul Ball, location: 2F
3-2: Base on Balls
Carlos García to third
Lawrence Schroeder to second
Batting: SHB Carlos Córdova 0-0: Called Strike
0-1: DOUBLE (Line Drive, 78D)
Carlos García scores
Lawrence Schroeder scores
Tom Blake to third
Runner from 3rd tries for Home, SAFE, no throw
Batting: LHB Tony Tavárez 0-0: Ball
1-0: Foul Ball, location: 2F
1-1: Ground out 1-3 (Groundball, P)
Top of the 4th over - 3 runs, 2 hits, 0 errors, 1 left on base; Irvine 7 - Maui 0
BOTTOM OF THE 4TH
Maui Tropics batting - Pitching for Irvine Gang Green : LHP Millard Curtis
Batting: RHB Luis Alou 0-0: Called Strike
0-1: Foul Ball, location: 2F
0-2: Ball
1-2: Strikes out swinging
Batting: LHB Luis Antonio Torres 0-0: Foul Ball, location: 2F
0-1: Foul Ball, location: 2F
0-2: Ball
1-2: SINGLE (Groundball, 4MD)
Batting: LHB Dave Cook 0-0: Called Strike
0-1: Swinging Strike
0-2: Strikes out swinging
Batting: RHB Roberto Gómez 0-0: Ball
1-0: Ball
2-0: SINGLE (Groundball, 6MS) (infield hit)
Luis Antonio Torres to second
Batting: RHB Michael Woodruff 0-0: Foul Ball, location: 2F
0-1: Called Strike
0-2: Ball
1-2: Strikes out looking
Bottom of the 4th over - 0 runs, 2 hits, 0 errors, 2 left on base; Irvine 7 - Maui 0
TOP OF THE 5TH
Irvine Gang Green batting - Pitching for Maui Tropics : LHP Jerry Martin
Batting: LHB Jeff Daniels 0-0: Ball
1-0: Ball
2-0: Called Strike
2-1: Foul Ball, location: 2F
2-2: Foul Ball, location: 2F
2-2: Ground out 4-3 (Groundball, 4)
Batting: LHB Víctor Quiñones 0-0: Ball
1-0: Swinging Strike
1-1: Swinging Strike
1-2: Strikes out swinging
Batting: RHB Carlos García 0-0: Fly out, F3 (Popup, 23F)
Top of the 5th over - 0 runs, 0 hits, 0 errors, 0 left on base; Irvine 7 - Maui 0
BOTTOM OF THE 5TH
Maui Tropics batting - Pitching for Irvine Gang Green : LHP Millard Curtis
Batting: RHB John Brown 0-0: Swinging Strike
0-1: Called Strike
0-2: Ball
1-2: Ground out 4-3 (Groundball, 4)
Batting: LHB Warren Potter 0-0: Ball
1-0: Ground out 1-3 (Groundball, P)
Batting: RHB Matt Silver 0-0: Called Strike
0-1: Ball
1-1: Ball
2-1: Ball
3-1: Foul Ball, location: 2F
3-2: SINGLE (Line Drive, 6M)
Batting: RHB Jesús Espinoza 0-0: Swinging Strike
0-1: Ball
1-1: Swinging Strike
1-2: Ball
2-2: Fly out, F9 (Flyball, 9LS)
Bottom of the 5th over - 0 runs, 1 hit, 0 errors, 1 left on base; Irvine 7 - Maui 0
TOP OF THE 6TH
Irvine Gang Green batting - Pitching for Maui Tropics : LHP Jerry Martin
Batting: RHB Sergio Moreno 0-0: Called Strike
0-1: Fly out, F8 (Flyball, 8RD)
Batting: RHB José Salazar 0-0: Called Strike
0-1: Ball
1-1: SINGLE (Groundball, 6MD)
Batting: RHB Lawrence Schroeder 0-0: Ball
1-0: Ball
2-0: Fly out, F7 (Line Drive, 7)
Batting: LHB Tom Blake 0-0: Ball
1-0: Foul Ball, location: 2F
1-1: Ball
2-1: Foul Ball, location: 2F
2-2: Ball
3-2: Strikes out looking
Top of the 6th over - 0 runs, 1 hit, 0 errors, 1 left on base; Irvine 7 - Maui 0
BOTTOM OF THE 6TH
Maui Tropics batting - Pitching for Irvine Gang Green : LHP Millard Curtis
Batting: RHB Luis Alou 0-0: Ground out 6-3 (Groundball, 6)
Batting: LHB Luis Antonio Torres 0-0: Fly out, F7 (Flyball, 78M)
Batting: LHB Dave Cook 0-0: Ball
1-0: Called Strike
1-1: SOLO HOME RUN (Flyball, 7D), Distance : 368 ft
Batting: RHB Roberto Gómez 0-0: Called Strike
0-1: Ball
1-1: Foul Ball, location: 2F
1-2: Strikes out swinging
Bottom of the 6th over - 1 run, 1 hit, 0 errors, 0 left on base; Irvine 7 - Maui 1
TOP OF THE 7TH
Irvine Gang Green batting - Pitching for Maui Tropics : LHP Jerry Martin
Pitching: LHP Scott McCullough
Batting: SHB Carlos Córdova 0-0: Ball
1-0: Called Strike
1-1: Ball
2-1: Foul Ball, location: 2F
2-2: Ball
3-2: Strikes out swinging
Batting: LHB Tony Tavárez 0-0: Called Strike
0-1: Ball
1-1: Ball
2-1: Ball
3-1: DOUBLE (Line Drive, 78D)
Batting: LHB Jeff Daniels 0-0: Ball
1-0: Ball
2-0: Ball
3-0: Base on Balls
Batting: LHB Víctor Quiñones 0-0: Foul Ball, location: 2F
0-1: Ball
1-1: Fly out, F1 (Line Drive, 13)
Batting: RHB Carlos García 0-0: Ball
1-0: Ball
2-0: Ball
3-0: Called Strike
3-1: Swinging Strike
3-2: Foul Ball, location: 2F
3-2: Strikes out swinging
Top of the 7th over - 0 runs, 1 hit, 0 errors, 2 left on base; Irvine 7 - Maui 1
BOTTOM OF THE 7TH
Maui Tropics batting - Pitching for Irvine Gang Green : LHP Millard Curtis
Batting: RHB Michael Woodruff 0-0: Fly out, F9 (Flyball, 9S)
Batting: RHB John Brown 0-0: Ground out U3 (Groundball, 3)
Batting: LHB Warren Potter 0-0: Called Strike
0-1: Ball
1-1: Swinging Strike
1-2: Ball
2-2: Ball
3-2: Fly out, F7 (Flyball, 7LM)
Bottom of the 7th over - 0 runs, 0 hits, 0 errors, 0 left on base; Irvine 7 - Maui 1
TOP OF THE 8TH
Irvine Gang Green batting - Pitching for Maui Tropics : LHP Scott McCullough
Batting: RHB Sergio Moreno 0-0: Called Strike
0-1: Ball
1-1: Swinging Strike
1-2: Foul Ball, location: 2F
1-2: Foul Ball, location: 2F
1-2: Strikes out swinging
Batting: RHB José Salazar 0-0: Ball
1-0: DOUBLE (Line Drive, 78D)
Batting: RHB Lawrence Schroeder 0-0: Ball
1-0: Ground out 5-3 (Groundball, 56)
Batting: LHB Tom Blake 0-0: Called Strike
0-1: Swinging Strike
0-2: Ball
1-2: Ball
2-2: Foul Ball, location: 2F
2-2: Ground out 4-3 (Groundball, 6MS)
Top of the 8th over - 0 runs, 1 hit, 0 errors, 1 left on base; Irvine 7 - Maui 1
BOTTOM OF THE 8TH
Maui Tropics batting - Pitching for Irvine Gang Green : LHP Millard Curtis
Now at 2B: Oliver Cisneros
Batting: RHB Matt Silver 0-0: Called Strike
0-1: Swinging Strike
0-2: Ball
1-2: Ground out 4-3 (Groundball, 4)
Batting: RHB Jesús Espinoza 0-0: Called Strike
0-1: Ball
1-1: Ground out 6-3 (Groundball, 6)
Batting: RHB Luis Alou 0-0: Called Strike
0-1: Called Strike
0-2: Ball
1-2: Strikes out swinging
Bottom of the 8th over - 0 runs, 0 hits, 0 errors, 0 left on base; Irvine 7 - Maui 1
TOP OF THE 9TH
Irvine Gang Green batting - Pitching for Maui Tropics : LHP Scott McCullough
Pitching: RHP Ramón Estrada
Batting: SHB Carlos Córdova 0-0: Ball
1-0: Swinging Strike
1-1: Foul Ball, location: 2F
1-2: Ball
2-2: Foul Ball, location: 2F
2-2: Ball
3-2: Ground out 6-3 (Groundball, 6)
Batting: LHB Tony Tavárez 0-0: Foul Ball, location: 2F
0-1: Foul Ball, location: 2F
0-2: Ground out 5-3 (Groundball, 56)
Batting: LHB Jeff Daniels 0-0: Fly out, F9 (Flyball, 89M)
Top of the 9th over - 0 runs, 0 hits, 0 errors, 0 left on base; Irvine 7 - Maui 1
BOTTOM OF THE 9TH
Maui Tropics batting - Pitching for Irvine Gang Green : LHP Millard Curtis
Batting: LHB Luis Antonio Torres 0-0: Ball
1-0: Fly out, F8 (Flyball, 78D)
Batting: LHB Dave Cook 0-0: Called Strike
0-1: Swinging Strike
0-2: Foul Ball, location: 2F
0-2: Ball
1-2: Strikes out swinging
Batting: RHB Roberto Gómez 0-0: Foul Ball, location: 2F
0-1: Foul Ball, location: 2F
0-2: Ball
1-2: Foul Ball, location: 2F
1-2: Foul Ball, location: 2F
1-2: Foul Ball, location: 2F
1-2: Foul Ball, location: 2F
1-2: Ball
2-2: Ball
3-2: SINGLE (Line Drive, 8RS)
Pitching: RHP Adrián Sandoval
Batting: RHB Michael Woodruff 0-0: Ball
1-0: Ball
2-0: Foul Ball, location: 2F
2-1: Foul Ball, location: 2F
2-2: Ball
3-2: Strikes out looking
Bottom of the 9th over - 0 runs, 1 hit, 0 errors, 1 left on base; Irvine 7 - Maui 1
Saturday, April 7th, 2018 - OOTP Baseball 18.8 Build 76